SKY
PHILADELPHIA PHILLIES @ HOUSTON ASTROS
07/31/2052
 
TOP OF THE 1ST
Philadelphia Phillies batting - Pitching for Houston Astros : RHP Derron McKenzie
Pitching: RHP Derron McKenzie
Batting: LHB Noah Powell 0-0: Ball
1-0: Called Strike
1-1: Ball
2-1: Foul Ball, location: 3SF
2-2: Strikes out swinging
Batting: LHB Monte Baker 0-0: Ball
1-0: Ball
2-0: Called Strike
2-1: Foul Ball, location: 2F
2-2: Strikes out swinging
Batting: RHB Marc Simms 0-0: Ball
1-0: Fly out, F7 (Flyball, 7, EV 91.9 MPH)
Top of the 1st over - 0 runs, 0 hits, 0 errors, 0 left on base; Philadelphia 0 - Houston 0
BOTTOM OF THE 1ST
Houston Astros batting - Pitching for Philadelphia Phillies : RHP Jake Prendergast
Pitching: RHP Jake Prendergast
Batting: RHB Bill Thyfault 0-0: Swinging Strike
0-1: Foul Ball, location: 7LDF
0-2: Ball
1-2: Ball
2-2: Strikes out looking
Batting: RHB Joshua Massengill 0-0: Ball
1-0: Ball
2-0: Called Strike
2-1: SINGLE (Groundball, 56D, EV 96.3 MPH)
Batting: LHB Caleb England 0-0: Ball
1-0: Called Strike
1-1: Ball
2-1: Ball
3-1: Foul Ball, location: 3F
3-2: Fly out, F5 (Popup, 56S, EV 75.6 MPH)
Batting: LHB Austin Mitchell 0-0: Ball
1-0: Foul Ball, location: 7LSF
1-1: Ball
2-1: Foul Ball, location: 3FF
2-2: Strikes out swinging
Bottom of the 1st over - 0 runs, 1 hit, 0 errors, 1 left on base; Philadelphia 0 - Houston 0
TOP OF THE 2ND
Philadelphia Phillies batting - Pitching for Houston Astros : RHP Derron McKenzie
Batting: LHB Colt Agner 0-0: Swinging Strike
0-1: Called Strike
0-2: Foul Ball, location: 2F
0-2: Strikes out swinging
Batting: RHB Josiah Mandel 0-0: Called Strike
0-1: Ball
1-1: Foul Ball, location: 7LSF
1-2: Foul Ball, location: 2F
1-2: Ball
2-2: Ball
3-2: SINGLE (Flyball, 5D, EV 96.3 MPH)
Batting: RHB Justin Morgan 0-0: Foul Ball, location: 2F
0-1: Ball
1-1: Foul Ball, location: 23F
1-2: Strikes out swinging
Batting: RHB Ariel Fernández 0-0: Fly out, F7 (Flyball, 78M, EV 94.4 MPH)
Top of the 2nd over - 0 runs, 1 hit, 0 errors, 1 left on base; Philadelphia 0 - Houston 0
BOTTOM OF THE 2ND
Houston Astros batting - Pitching for Philadelphia Phillies : RHP Jake Prendergast
Batting: LHB Owen Chandler 0-0: Called Strike
0-1: Foul Ball, location: 2F
0-2: Ball
1-2: Ball
2-2: Foul Ball, location: 3FF
2-2: Ball
3-2: Base on Balls
Batting: RHB Stephan Davis 0-0: Ball
1-0: Foul Ball, location: 3FF
1-1: Foul Ball, location: 3F
1-2: Ball
2-2: Fly out, F8 (Flyball, 89S, EV 79.4 MPH)
Batting: RHB Nick Burkard 0-0: Ball
1-0: Called Strike
1-1: Ball
2-1: Ball
3-1: Base on Balls
Owen Chandler to second
Batting: LHB Fallon Harrigan 0-0: Called Strike
0-1: Swinging Strike
0-2: Ball
1-2: Foul Ball, location: 3F
1-2: Strikes out swinging
Batting: RHB Rick Howard 0-0: Ball
1-0: Ball
2-0: Called Strike
2-1: Ball
3-1: Called Strike
3-2: Strikes out swinging
Bottom of the 2nd over - 0 runs, 0 hits, 0 errors, 2 left on base; Philadelphia 0 - Houston 0
TOP OF THE 3RD
Philadelphia Phillies batting - Pitching for Houston Astros : RHP Derron McKenzie
Batting: SHB Elías Saucedo 0-0: Ball
1-0: Ball
2-0: Swinging Strike
2-1: Ball
3-1: Ground out 3-1 (Groundball, 34, EV 85.6 MPH)
Batting: RHB Gilbert Lee 0-0: SINGLE (Line Drive, 8RS, EV 110.6 MPH)
Batting: LHB Noah Powell 0-0: SINGLE (Groundball, 4MD, EV 99.4 MPH) (infield hit)
Gilbert Lee to second
Batting: LHB Monte Baker 0-0: Called Strike
0-1: Ball
1-1: Ball
2-1: Foul Ball, location: 2F
2-2: Fly out, F7 (Flyball, 7LS, EV 86.3 MPH)
Batting: RHB Marc Simms 0-0: Swinging Strike
0-1: Ball
1-1: Swinging Strike
1-2: Strikes out swinging
Top of the 3rd over - 0 runs, 2 hits, 0 errors, 2 left on base; Philadelphia 0 - Houston 0
BOTTOM OF THE 3RD
Houston Astros batting - Pitching for Philadelphia Phillies : RHP Jake Prendergast
Batting: RHB Bill Thyfault 0-0: Ball
1-0: Ground out U3 (Groundball, 3, EV 103.1 MPH)
Batting: RHB Joshua Massengill 0-0: Ball
1-0: Ball
2-0: Ball
3-0: Base on Balls
Batting: LHB Caleb England 0-0: Ball
1-0: SINGLE (Groundball, 4MD, EV 94.4 MPH)
Joshua Massengill to second
Batting: LHB Austin Mitchell 0-0: Ball
1-0: Swinging Strike
1-1: Ball
2-1: Swinging Strike
2-2: Ball
3-2: Base on Balls
Joshua Massengill to third
Caleb England to second
Batting: LHB Owen Chandler 0-0: Fly out, F8 (Flyball, 8LXD, EV 99.4 MPH)
Runner from 3rd tags up, SCORES, no throw by CF
Batting: RHB Stephan Davis 0-0: Ball
1-0: Called Strike
1-1: Foul Ball, location: 23FF
1-2: Ball
2-2: Strikes out swinging
Bottom of the 3rd over - 1 run, 1 hit, 0 errors, 2 left on base; Philadelphia 0 - Houston 1
TOP OF THE 4TH
Philadelphia Phillies batting - Pitching for Houston Astros : RHP Derron McKenzie
Batting: LHB Colt Agner 0-0: Called Strike
0-1: Ball
1-1: Swinging Strike
1-2: Foul Ball, location: 2F
1-2: Strikes out looking
Batting: RHB Josiah Mandel 0-0: Ball
1-0: Ground out 4-3 (Groundball, 4MS, EV 83.1 MPH)
Batting: RHB Justin Morgan 0-0: Fly out, F9 (Line Drive, 89M, EV 90.6 MPH)
Top of the 4th over - 0 runs, 0 hits, 0 errors, 0 left on base; Philadelphia 0 - Houston 1
BOTTOM OF THE 4TH
Houston Astros batting - Pitching for Philadelphia Phillies : RHP Jake Prendergast
Batting: RHB Nick Burkard 0-0: Swinging Strike
0-1: Foul Ball, location: 5SF
0-2: Strikes out swinging
Batting: LHB Fallon Harrigan 0-0: Foul Ball, location: 2F
0-1: Ball
1-1: SINGLE (Groundball, 34D, EV 93.8 MPH)
Batting: RHB Rick Howard 0-0: Called Strike
Fallon Harrigan steals 2nd base (no throw)
0-1: Foul Ball, location: 3F
Balk!
Fallon Harrigan to third
0-2: Ball
1-2: Strikes out swinging
Batting: RHB Bill Thyfault 0-0: Foul Ball, location: 2F
0-1: Called Strike
0-2: Ball
1-2: Ball
2-2: Ball
3-2: Ground out 4-3 (Groundball, 4MD, EV 90.0 MPH)
Bottom of the 4th over - 0 runs, 1 hit, 0 errors, 1 left on base; Philadelphia 0 - Houston 1
TOP OF THE 5TH
Philadelphia Phillies batting - Pitching for Houston Astros : RHP Derron McKenzie
Batting: RHB Ariel Fernández 0-0: Ball
1-0: Ball
2-0: Ground out 3-1 (Groundball, 34, EV 102.5 MPH)
Batting: SHB Elías Saucedo 0-0: Called Strike
0-1: Ball
1-1: Ground out 4-3 (Groundball, 4, EV 86.9 MPH)
Batting: RHB Gilbert Lee 0-0: Called Strike
0-1: Ball
1-1: Foul Ball, location: 9LDF
1-2: Ball
2-2: Ball
3-2: Foul Ball, location: 2F
3-2: Base on Balls
Batting: LHB Noah Powell 0-0: SINGLE (Line Drive, 89S, EV 87.5 MPH)
Gilbert Lee to second
Runner from 2nd tries for 3rd, SAFE, no throw by RF
Batting: LHB Monte Baker 0-0: Ball
1-0: Ball
2-0: Ball
3-0: Base on Balls
Noah Powell to second
Batting: RHB Marc Simms 0-0: Ball
1-0: Swinging Strike
1-1: Swinging Strike
1-2: Ball
2-2: Strikes out swinging
Top of the 5th over - 0 runs, 1 hit, 0 errors, 3 left on base; Philadelphia 0 - Houston 1
BOTTOM OF THE 5TH
Houston Astros batting - Pitching for Philadelphia Phillies : RHP Jake Prendergast
Batting: RHB Joshua Massengill 0-0: Ball
1-0: Called Strike
1-1: Ball
2-1: Foul Ball, location: 5F
2-2: Ball
3-2: Ground out 6-3 (Groundball, 6, EV 76.3 MPH)
Batting: LHB Caleb England 0-0: Foul Ball, location: 7LSFF
0-1: Ball
1-1: Ball
2-1: Ball
3-1: Base on Balls
Batting: LHB Austin Mitchell 0-0: Called Strike
0-1: Ball
1-1: Foul Ball, location: 2F
1-2: Ball
2-2: Foul Ball, location: 2F
2-2: Ball
3-2: Strikes out looking
Batting: LHB Owen Chandler 0-0: Swinging Strike
0-1: Ball
1-1: SINGLE (Line Drive, 89S, EV 110.0 MPH)
Caleb England to second
Pitching: RHP Ben Williams
Batting: RHB Stephan Davis 0-0: Swinging Strike
0-1: SINGLE (Line Drive, 7S, EV 96.3 MPH)
Caleb England to third
Owen Chandler to second
Runner from 3rd tries for Home, SAFE, throw by LF to home
Batting: RHB Nick Burkard 0-0: Ground out 2-3 (Groundball, 15S, EV 68.8 MPH)
Bottom of the 5th over - 1 run, 2 hits, 0 errors, 2 left on base; Philadelphia 0 - Houston 2
TOP OF THE 6TH
Philadelphia Phillies batting - Pitching for Houston Astros : RHP Derron McKenzie
Batting: LHB Colt Agner 0-0: Foul Ball, location: 2F
0-1: Fly out, F8 (Flyball, 8RM, EV 79.4 MPH)
Batting: RHB Josiah Mandel 0-0: Ball
1-0: Ball
2-0: Ball
3-0: Foul Ball, location: 9LSF
3-1: Base on Balls
Batting: RHB Justin Morgan 0-0: Foul Ball, location: 5F
0-1: Swinging Strike
0-2: Strikes out looking
Batting: RHB Ariel Fernández 0-0: Ball
1-0: Ball
2-0: Foul Ball, location: 2F
2-1: Called Strike
2-2: Strikes out swinging
Top of the 6th over - 0 runs, 0 hits, 0 errors, 1 left on base; Philadelphia 0 - Houston 2
BOTTOM OF THE 6TH
Houston Astros batting - Pitching for Philadelphia Phillies : RHP Ben Williams
Batting: LHB Fallon Harrigan 0-0: Called Strike
0-1: Foul Ball, location: 3F
0-2: Strikes out looking
Batting: RHB Rick Howard 0-0: Ball
1-0: Ball
2-0: Ball
3-0: Base on Balls
Batting: RHB Bill Thyfault 0-0: Ball
Wild Pitch!
Rick Howard to second
1-0: Ball
2-0: Foul Ball, location: 9LMF
2-1: Foul Ball, location: 3F
2-2: Foul Ball, location: 2F
2-2: Ground out 6-3 (Groundball, 56, EV 103.1 MPH)
Batting: RHB Joshua Massengill 0-0: Fly out, F3 (Popup, 34S, EV 55.0 MPH)
Bottom of the 6th over - 0 runs, 0 hits, 0 errors, 1 left on base; Philadelphia 0 - Houston 2
TOP OF THE 7TH
Philadelphia Phillies batting - Pitching for Houston Astros : RHP Derron McKenzie
Pitching: RHP Jason Phillips
Batting: SHB Elías Saucedo 0-0: Ball
1-0: Called Strike
1-1: SINGLE (Groundball, 34D, EV 99.4 MPH)
Batting: RHB Gilbert Lee 0-0: Ground out 5-3 (Groundball, 5S, EV 68.1 MPH)
Elías Saucedo to second
Batting: LHB Noah Powell 0-0: Ball
Elías Saucedo steals 3rd base
1-0: Called Strike
1-1: Ball
2-1: Foul Ball, location: 7LDF
2-2: Strikes out swinging, 2-3 out at first.
Batting: LHB Monte Baker 0-0: Ball
1-0: Ball
2-0: Foul Ball, location: 3SF
2-1: Ball
3-1: Foul Ball, location: 9LMF
3-2: Foul Ball, location: 7LSF
3-2: Base on Balls
Batting: RHB Marc Simms 0-0: Swinging Strike
0-1: Foul Ball, location: 2F
0-2: Ball
1-2: Ball
2-2: Fielders Choice at 2nd, 5-4 (Groundball, 5, EV 87.5 MPH)
Top of the 7th over - 0 runs, 1 hit, 0 errors, 2 left on base; Philadelphia 0 - Houston 2
BOTTOM OF THE 7TH
Houston Astros batting - Pitching for Philadelphia Phillies : RHP Ben Williams
Pitching: RHP Alonzo Panico
Batting: LHB Caleb England 0-0: Swinging Strike
0-1: Swinging Strike
0-2: Ball
1-2: Ground out 5-3 (Groundball, 56S, EV 87.5 MPH)
Batting: LHB Austin Mitchell 0-0: Called Strike
0-1: Called Strike
0-2: Ball
1-2: Ball
2-2: Foul Ball, location: 2LF
2-2: Fly out, F8 (Flyball, 8LM, EV 80.6 MPH)
Batting: LHB Owen Chandler 0-0: Called Strike
0-1: Ball
1-1: Fly out, F7 (Line Drive, 7D, EV 106.3 MPH)
Bottom of the 7th over - 0 runs, 0 hits, 0 errors, 0 left on base; Philadelphia 0 - Houston 2
TOP OF THE 8TH
Philadelphia Phillies batting - Pitching for Houston Astros : RHP Jason Phillips
Batting: LHB Colt Agner 0-0: Foul Ball, location: 3SF
0-1: SOLO HOME RUN (Flyball, 8RXD, EV 110.6 MPH), Distance : 430 ft
Batting: RHB Josiah Mandel 0-0: Called Strike
0-1: Foul Ball, location: 3F
0-2: Ball
1-2: Foul Ball, location: 2F
1-2: Ball
2-2: Ball
3-2: Foul Ball, location: 2F
3-2: Foul Ball, location: 2F
3-2: Foul Ball, location: 7LMF
3-2: SINGLE (Groundball, 34D, EV 98.1 MPH)
Batting: RHB Justin Morgan 0-0: Foul Ball, location: 3SF
0-1: Called Strike
0-2: Ball
1-2: Foul Ball, location: 9LDF
1-2: Strikes out swinging
Batting: RHB Ariel Fernández 0-0: Foul Ball, location: 2F
0-1: Foul Ball, location: 2F
0-2: Strikes out looking
Pinch Hitting: RHB Kyle Negulescu 0-0: Called Strike
0-1: Foul Ball, location: 3SF
0-2: Ball
1-2: Strikes out swinging
Top of the 8th over - 1 run, 2 hits, 0 errors, 1 left on base; Philadelphia 1 - Houston 2
BOTTOM OF THE 8TH
Houston Astros batting - Pitching for Philadelphia Phillies : RHP Alonzo Panico
Now at SS: Kyle Negulescu
Batting: RHB Stephan Davis 0-0: Ball
1-0: Ball
2-0: Ball
3-0: SOLO HOME RUN (Flyball, 9LD, EV 94.4 MPH), Distance : 332 ft
Batting: RHB Nick Burkard 0-0: Ball
1-0: Ground out 6-3 (Groundball, 6M, EV 86.3 MPH)
Batting: LHB Fallon Harrigan 0-0: Ball
1-0: Fly out, F6 (Popup, 56, EV 63.1 MPH)
Batting: RHB Rick Howard 0-0: Ball
1-0: SINGLE (Line Drive, 4D, EV 96.9 MPH)
Batting: RHB Bill Thyfault 0-0: Ball
1-0: SINGLE (Line Drive, 8RS, EV 102.5 MPH)
Rick Howard to second
Batting: RHB Joshua Massengill 0-0: Ball
1-0: SINGLE (Groundball, 6MD, EV 96.9 MPH)
Rick Howard to third
Bill Thyfault to second
Batting: LHB Caleb England 0-0: DOUBLE (Line Drive, 78M, EV 100.6 MPH)
Rick Howard scores
Bill Thyfault scores
Joshua Massengill to third
Batting: LHB Austin Mitchell 0-0: Swinging Strike
0-1: Called Strike
0-2: Fly out, F8 (Flyball, 78D, EV 94.4 MPH)
Bottom of the 8th over - 3 runs, 5 hits, 0 errors, 2 left on base; Philadelphia 1 - Houston 5
TOP OF THE 9TH
Philadelphia Phillies batting - Pitching for Houston Astros : RHP Jason Phillips
Pitching: RHP Fletcher Crosby
Batting: RHB Gilbert Lee 0-0: Called Strike
0-1: Ball
1-1: Ball
2-1: Fly out, F9 (Flyball, 89M, EV 91.9 MPH)
Batting: LHB Noah Powell 0-0: Called Strike
0-1: Ball
1-1: Swinging Strike
1-2: Foul Ball, location: 3F
1-2: Ball
2-2: Ball
3-2: DOUBLE (Line Drive, 89D, EV 102.5 MPH)
Batting: LHB Monte Baker 0-0: Ball
1-0: Ground out 6-3 (Groundball, 4MS, EV 65.0 MPH)
Noah Powell to third
Batting: RHB Marc Simms 0-0: Called Strike
0-1: Swinging Strike
0-2: Ball
1-2: Ball
2-2: Ball
3-2: Strikes out looking
Top of the 9th over - 0 runs, 1 hit, 0 errors, 1 left on base; Philadelphia 1 - Houston 5
Wednesday, May 1st , 2024 - OOTP Baseball 24.11 Build 85